[ AOE2 MATCH · #506543050 ]
UnrankedMongols vs Mongols
Player's team · LOSS
Rival team · WIN
[ REPLAY ANALYSIS · EXTRACTED FROM THE RECORDED GAME ]
Feudal
8:01
Castle
—
Imperial
—
| APM avg | 60.4 |
| APM peak | 84 |
| eAPM avg | 27.4 |
| Villagers / military | 43 / 9 |
Focus
⚔️ 29.8% · 🌾 70.2%
Scout Cavalry ×4 · Spearman ×3 · Archer ×1 · Skirmisher ×1
Feudal
8:41
Castle
—
Imperial
—
| APM avg | 55.9 |
| APM peak | 84 |
| eAPM avg | 26.4 |
| Villagers / military | 40 / 14 |
Focus
⚔️ 43.3% · 🌾 56.7%
Scout Cavalry ×11 · Spearman ×3
Match map
Initial resources + every placement click. Lines = walls · curves = elevation contours. ◆ gold · ⬟ stone · ● berries · ✦ relic · ◌ wall gap
Your base· Open — unwalled flank
GawkyBloom79379's base· Open — 5t gap
Smoothed initial terrain · ◌ = detected wall gap · hover for details
Inputs per minute
— HellionBlue - - GawkyBloom79379
Build order — HellionBlue
107 actions detected in the replay
| 0:01 | Queue | Villager (Male) |
| 0:01 | Queue | Villager (Male) |
| 0:02 | Build | House |
| 0:02 | Queue | Villager (Male) |
| 0:04 | Build | House |
| 0:04 | Queue | Villager (Male) |
| 0:05 | Queue | Villager (Male) |
| 1:25 | Queue | Villager (Male) |
| 1:26 | Queue | Villager (Male) |
| 2:06 | Queue | Villager (Male) |
| 2:06 | Queue | Villager (Male) |
| 2:06 | Queue | Villager (Male) |
| 2:35 | Queue | Villager (Male) |
| 2:35 | Queue | Villager (Male) |
| 2:35 | Queue | Villager (Male) |
| 2:41 | Build | Lumber Camp |
| 3:02 | Build | House |
| 3:32 | Queue | Villager (Male) |
| 3:32 | Queue | Villager (Male) |
| 3:32 | Queue | Villager (Male) |
| 3:33 | Queue | Villager (Male) |
| 3:33 | Queue | Villager (Male) |
| 4:04 | Queue | Villager (Male) |
| 4:05 | Queue | Villager (Male) |
| 4:53 | Build | Mill |
| 5:00 | Queue | Villager (Male) |
| 5:36 | Research | Feudal Age |
| 5:36 | Research | Feudal Age |
| 6:08 | Research | Loom |
| 6:25 | Build | House |
| 6:30 | Queue | Villager (Male) |
| 6:57 | Build | Barracks |
| 8:01 | Age | Feudal Age |
| 8:04 | Build | Stable |
| 8:09 | Research | Double-Bit Axe |
| 8:09 | Research | Double-Bit Axe |
| 8:20 | Build | Palisade Wall |
| 8:20 | Build | Palisade Wall |
| 8:28 | Build | House |
| 8:30 | Queue | Villager (Male) |
| 8:32 | Queue | Villager (Male) |
| 8:38 | Build | House |
| 8:46 | Queue | Scout Cavalry |
| 8:47 | Queue | Scout Cavalry |
| 8:56 | Queue | Scout Cavalry |
| 9:30 | Queue | Villager (Male) |
| 9:37 | Build | House |
| 9:39 | Build | Palisade Wall |
| 9:48 | Queue | Villager (Male) |
| 9:51 | Build | Farm |
| 9:51 | Build | Farm |
| 9:51 | Build | Farm |
| 9:51 | Build | Farm |
| 9:52 | Build | Farm |
| 9:52 | Build | Farm |
| 9:52 | Build | Farm |
| 9:52 | Build | Farm |
| 10:06 | Queue | Villager (Male) |
| 10:28 | Build | Archery Range |
| 10:43 | Queue | Villager (Male) |
| 10:54 | Queue | Spearman |
| 11:02 | Build | House |
| 11:20 | Queue | Villager (Male) |
| 11:30 | Queue | Archer |
| 11:32 | Queue | Villager (Male) |
| 11:38 | Build | Mining Camp |
| 11:48 | Build | Mining Camp |
| 11:52 | Queue | Villager (Male) |
| 11:54 | Build | House |
| 11:56 | Build | Palisade Wall |
| 11:57 | Build | Palisade Wall |
| 12:10 | Queue | Skirmisher |
| 12:14 | Queue | Spearman |
| 12:20 | Build | Blacksmith |
| 12:31 | Build | Palisade Gate |
| 12:50 | Queue | Villager (Male) |
| 12:51 | Queue | Villager (Male) |
| 12:51 | Queue | Villager (Male) |
| 12:59 | Build | Palisade Wall |
| 13:04 | Build | Farm |
| 13:04 | Build | Farm |
| 13:04 | Build | Farm |
| 13:05 | Build | Farm |
| 13:05 | Build | Farm |
| 13:05 | Build | Farm |
| 13:22 | Queue | Villager (Male) |
| 13:50 | Build | Farm |
| 13:52 | Build | Farm |
| 13:54 | Build | Farm |
| 13:55 | Build | Farm |
| 13:55 | Queue | Villager (Male) |
| 14:04 | Build | Farm |
| 14:15 | Queue | Villager (Male) |
| 14:25 | Queue | Villager (Male) |
| 14:29 | Build | Farm |
| 14:30 | Build | Farm |
| 15:12 | Queue | Villager (Male) |
| 15:38 | Build | Market |
| 15:40 | Queue | Villager (Male) |
| 15:51 | Build | Farm |
| 15:54 | Build | Farm |
| 16:08 | Queue | Spearman |
| 16:11 | Queue | Scout Cavalry |
| 16:14 | Queue | Villager (Male) |
| 16:42 | Build | Lumber Camp |
| 16:44 | Queue | Villager (Male) |
| 16:45 | Queue | Villager (Male) |
Build order — GawkyBloom79379
95 actions detected in the replay
| 0:00 | Queue | Villager (Male) ×4 |
| 0:02 | Build | House |
| 0:04 | Build | House |
| 1:33 | Queue | Villager (Male) |
| 1:33 | Queue | Villager (Male) |
| 1:44 | Build | Lumber Camp |
| 1:56 | Queue | Villager (Male) |
| 1:59 | Queue | Villager (Male) |
| 2:00 | Queue | Villager (Male) |
| 2:36 | Queue | Villager (Male) |
| 2:36 | Queue | Villager (Male) |
| 2:36 | Queue | Villager (Male) |
| 3:15 | Queue | Villager (Male) |
| 3:15 | Queue | Villager (Male) |
| 3:21 | Queue | Villager (Male) |
| 4:35 | Build | House |
| 4:39 | Research | Loom |
| 5:00 | Build | Mill |
| 5:16 | Queue | Villager (Male) |
| 5:17 | Queue | Villager (Male) |
| 5:25 | Queue | Villager (Male) |
| 5:30 | Queue | Villager (Male) |
| 6:02 | Research | Feudal Age |
| 6:42 | Queue | Villager (Male) |
| 6:51 | Build | House |
| 7:02 | Queue | Villager (Male) |
| 7:16 | Build | Barracks |
| 7:33 | Queue | Villager (Male) |
| 7:34 | Queue | Villager (Male) |
| 8:41 | Age | Feudal Age |
| 8:48 | Build | Stable |
| 9:03 | Queue | Spearman |
| 9:07 | Build | House |
| 9:08 | Build | House |
| 9:08 | Build | House |
| 9:23 | Queue | Scout Cavalry ×3 |
| 9:23 | Queue | Scout Cavalry ×3 |
| 9:35 | Build | House |
| 9:39 | Build | Palisade Wall |
| 9:42 | Queue | Villager (Male) |
| 9:42 | Queue | Villager (Male) |
| 10:00 | Build | Farm |
| 10:12 | Research | Double-Bit Axe |
| 10:17 | Build | Palisade Wall |
| 10:45 | Queue | Scout Cavalry |
| 10:53 | Build | House |
| 10:54 | Build | House |
| 11:01 | Build | House |
| 11:08 | Queue | Spearman |
| 11:13 | Build | Palisade Wall |
| 11:19 | Build | Farm |
| 11:23 | Build | Farm |
| 11:35 | Queue | Spearman |
| 11:48 | Queue | Villager (Male) |
| 11:53 | Build | Mining Camp |
| 12:17 | Build | Farm |
| 12:22 | Build | Farm |
| 12:26 | Queue | Villager (Male) |
| 12:41 | Build | Farm |
| 12:43 | Build | Farm |
| 12:44 | Queue | Villager (Male) |
| 13:00 | Build | Palisade Wall |
| 13:05 | Build | Palisade Wall |
| 13:09 | Queue | Villager (Male) |
| 13:09 | Queue | Villager (Male) |
| 13:21 | Queue | Villager (Male) |
| 13:21 | Queue | Villager (Male) |
| 13:24 | Build | Farm |
| 13:39 | Queue | Scout Cavalry |
| 13:50 | Build | Farm |
| 13:51 | Build | Farm |
| 13:58 | Queue | Scout Cavalry |
| 14:15 | Build | House |
| 14:16 | Build | House |
| 14:17 | Build | House |
| 14:22 | Build | Palisade Wall |
| 14:37 | Queue | Villager (Male) |
| 14:39 | Queue | Scout Cavalry |
| 14:49 | Queue | Villager (Male) |
| 15:05 | Queue | Scout Cavalry |
| 15:08 | Build | Farm |
| 15:10 | Build | Farm |
| 15:14 | Build | House |
| 15:21 | Build | Farm |
| 15:30 | Queue | Villager (Male) |
| 15:33 | Queue | Villager (Male) |
| 15:37 | Build | Farm |
| 16:03 | Queue | Villager (Male) |
| 16:07 | Build | Mining Camp |
| 16:12 | Research | Horse Collar |
| 16:34 | Queue | Villager (Male) |
| 16:35 | Queue | Villager (Male) |
| 16:39 | Build | Farm |
| 16:45 | Build | Palisade Gate |
| 16:53 | Queue | Villager (Male) |
Match timeline
| 6:57 | HellionBlue · first_building Barracks |
| 7:16 | GawkyBloom79379 · first_building Barracks |
| 8:01 | HellionBlue · age_up feudal |
| 8:04 | HellionBlue · first_building Stable |
| 8:20 | HellionBlue · wall_segment Palisade Wall x1 |
| 8:20 | HellionBlue · wall_segment Palisade Wall x1 |
| 8:41 | GawkyBloom79379 · age_up feudal |
| 8:48 | GawkyBloom79379 · first_building Stable |
| 9:39 | HellionBlue · wall_segment Palisade Wall x7 |
| 9:39 | GawkyBloom79379 · wall_segment Palisade Wall x1 |
| 10:17 | GawkyBloom79379 · wall_segment Palisade Wall x7 |
| 10:28 | HellionBlue · first_building Archery Range |
| 11:13 | GawkyBloom79379 · wall_segment Palisade Wall x9 |
| 11:56 | HellionBlue · wall_segment Palisade Wall x11 |
| 11:57 | HellionBlue · wall_segment Palisade Wall x3 |
| 12:59 | HellionBlue · wall_segment Palisade Wall x1 |
| 13:00 | GawkyBloom79379 · wall_segment Palisade Wall x10 |
| 13:05 | GawkyBloom79379 · wall_segment Palisade Wall x20 |
| 14:22 | GawkyBloom79379 · wall_segment Palisade Wall x1 |
| 17:16 | HellionBlue · resign |
[ AI ANALYSIS · 1 CREDIT ]
What really happened in this match?
Wolo.gg analyzes every decision: build order, eco, micro, common mistakes by bracket. Personalized analysis on WhatsApp or Discord in 30 seconds.
Civ guide
Mongols
Perfil
HellionBlue